PAAA
MILTON DOGFISH HEAD @ ROYSE CITY TARGARYENS
09/12/2025
 
TOP OF THE 1ST
Milton Dogfish Head batting - Pitching for Royse City Targaryens : RHP Edgar Lankford
Pitching: RHP Edgar Lankford
Batting: RHB David Sánchez 0-0: Ball
1-0: Ball
2-0: Called Strike
2-1: Fly out, F6 (Line Drive, 6MS)
Batting: LHB Víctor Robledo 0-0: Called Strike
0-1: Fly out, F7 (Flyball, 78S)
Batting: LHB Floyd Long 0-0: Called Strike
0-1: Swinging Strike
0-2: DOUBLE (Line Drive, 9D)
Batting: RHB Roy Childress 0-0: Ball
1-0: Ball
2-0: Called Strike
2-1: Ball
3-1: Fly out, F9 (Flyball, 9)
Top of the 1st over - 0 run(s), 1 hit(s), 0 error(s), 1 left on base; Milton 0 - Royse City 0
BOTTOM OF THE 1ST
Royse City Targaryens batting - Pitching for Milton Dogfish Head : RHP Robinson Suárez
Pitching: RHP Robinson Suárez
Batting: LHB Jon Baxter 0-0: Ground out 1-3 (Groundball, 13)
Batting: RHB José Cruz 0-0: Ball
1-0: Called Strike
1-1: Foul Ball, location: 2F
1-2: Fly out, F7 (Flyball, 7S)
Batting: LHB Cisco Padilla 0-0: Foul Ball, location: 2F
0-1: Ball
1-1: Ball
2-1: Ball
3-1: Base on Balls
Batting: LHB José Tamayo 0-0: Ball
1-0: Ball
2-0: Called Strike
2-1: 2-RUN HOME RUN (Line Drive, 9D), Distance : 345 ft
Batting: RHB Javier Rivera 0-0: Foul Ball, location: 2F
0-1: Ball
1-1: Ball
2-1: Ball
3-1: Called Strike
3-2: Base on Balls
Batting: RHB Tomás Martínez 0-0: Ball
1-0: Ball
2-0: Called Strike
2-1: Ball
3-1: Foul Ball, location: 2F
3-2: Strikes out looking
Bottom of the 1st over - 2 run(s), 1 hit(s), 0 error(s), 1 left on base; Milton 0 - Royse City 2
TOP OF THE 2ND
Milton Dogfish Head batting - Pitching for Royse City Targaryens : RHP Edgar Lankford
Batting: RHB Jeff Bass 0-0: Swinging Strike
0-1: Foul Ball, location: 2F
0-2: Ball
1-2: Foul Ball, location: 2F
1-2: Fly out, F9 (Flyball, 89D)
Batting: RHB Jean Lemaire 0-0: Ball
1-0: Ball
2-0: Ball
3-0: Base on Balls
Batting: LHB Sean Booth 0-0: Ball
1-0: Ball
2-0: Grounds into double play, 4-6-3 (Groundball, 4)
Top of the 2nd over - 0 run(s), 0 hit(s), 0 error(s), 0 left on base; Milton 0 - Royse City 2
BOTTOM OF THE 2ND
Royse City Targaryens batting - Pitching for Milton Dogfish Head : RHP Robinson Suárez
Batting: RHB Fernando Rivera 0-0: Ground out 5-3 (Groundball, 56)
Batting: RHB Tony Martínez 0-0: Ball
1-0: Fly out, F9 (Flyball, 89S)
Batting: LHB Jorge Garza 0-0: Ball
1-0: Ball
2-0: Ball
3-0: Called Strike
3-1: Foul Ball, location: 2F
3-2: Foul Ball, location: 2F
3-2: SINGLE (Popup, 6D)
Batting: LHB Jon Baxter 0-0: Ball
1-0: Called Strike
1-1: Ball
2-1: Ball
3-1: Ground out 4-3 (Groundball, 34)
Bottom of the 2nd over - 0 run(s), 1 hit(s), 0 error(s), 1 left on base; Milton 0 - Royse City 2
TOP OF THE 3RD
Milton Dogfish Head batting - Pitching for Royse City Targaryens : RHP Edgar Lankford
Batting: RHB Marcos Calderón 0-0: Ball
1-0: SINGLE (Groundball, 56D)
Batting: SHB Theodore Buck 0-0: Ball
1-0: Foul Ball, location: 2F
1-1: Swinging Strike
1-2: SINGLE (Line Drive, 6D)
Marcos Calderón to second
Marcos Calderón to third
Batting: RHB David Sánchez 0-0: Ball
1-0: Grounds into double play, 4-6-3 (Groundball, 4M)
Marcos Calderón scores
Batting: LHB Víctor Robledo 0-0: Ball
1-0: Ball
2-0: Fly out, F4 (Line Drive, 4D)
Top of the 3rd over - 1 run(s), 2 hit(s), 0 error(s), 0 left on base; Milton 1 - Royse City 2
BOTTOM OF THE 3RD
Royse City Targaryens batting - Pitching for Milton Dogfish Head : RHP Robinson Suárez
Batting: RHB José Cruz 0-0: Ground out 6-3 (Groundball, 6)
Batting: LHB Cisco Padilla 0-0: Called Strike
0-1: Called Strike
0-2: Ball
1-2: Foul Ball, location: 2F
1-2: Ball
2-2: Foul Ball, location: 2F
2-2: Foul Ball, location: 2F
2-2: Foul Ball, location: 2F
2-2: Ball
3-2: Foul Ball, location: 2F
3-2: Foul Ball, location: 2F
3-2: Base on Balls
Batting: LHB José Tamayo 0-0: Ball
1-0: Ball
2-0: Called Strike
2-1: Foul Ball, location: 2F
2-2: Ball
3-2: Foul Ball, location: 2F
3-2: SINGLE (Groundball, 23) (infield hit)
Cisco Padilla to second
Batting: RHB Javier Rivera 0-0: Ball
1-0: Ball
2-0: Ball
3-0: Base on Balls
Cisco Padilla to third
José Tamayo to second
Batting: RHB Tomás Martínez 0-0: Ball
1-0: Called Strike
1-1: Ball
2-1: Foul Ball, location: 2F
2-2: Foul Ball, location: 2F
2-2: Fly out, F8 (Flyball, 8LD)
Runner from 3rd tags up, SCORES, no throw
José Tamayo to third
Batting: RHB Fernando Rivera 0-0: Called Strike
Javier Rivera steals 2nd base
0-1: Fly out, F7 (Flyball, 7LS)
Bottom of the 3rd over - 1 run(s), 1 hit(s), 0 error(s), 2 left on base; Milton 1 - Royse City 3
TOP OF THE 4TH
Milton Dogfish Head batting - Pitching for Royse City Targaryens : RHP Edgar Lankford
Batting: LHB Floyd Long 0-0: Foul Ball, location: 2F
0-1: Ball
1-1: Ball
2-1: Fly out, F8 (Flyball, 8LD)
Batting: RHB Roy Childress 0-0: Swinging Strike
0-1: Ball
1-1: Ball
2-1: Ground out 4-3 (Groundball, 4M)
Batting: RHB Jeff Bass 0-0: Ball
1-0: Called Strike
1-1: Foul Ball, location: 2F
1-2: Ball
2-2: Ball
3-2: Fly out, F9 (Flyball, 89M)
Top of the 4th over - 0 run(s), 0 hit(s), 0 error(s), 0 left on base; Milton 1 - Royse City 3
BOTTOM OF THE 4TH
Royse City Targaryens batting - Pitching for Milton Dogfish Head : RHP Robinson Suárez
Batting: RHB Tony Martínez 0-0: Called Strike
0-1: Fly out, F9 (Flyball, 9S)
Batting: LHB Jorge Garza 0-0: Called Strike
0-1: Foul Ball, location: 2F
0-2: Ball
1-2: Foul Ball, location: 2F
1-2: Ball
2-2: Ball
3-2: Foul Ball, location: 2F
3-2: Fly out, F9 (Flyball, 9)
Batting: LHB Jon Baxter 0-0: Ball
1-0: Ball
2-0: Ball
3-0: Base on Balls
Batting: RHB José Cruz 0-0: Ball
Jon Baxter is caught stealing 2nd base
Bottom of the 4th over - 0 run(s), 0 hit(s), 0 error(s), 0 left on base; Milton 1 - Royse City 3
TOP OF THE 5TH
Milton Dogfish Head batting - Pitching for Royse City Targaryens : RHP Edgar Lankford
Batting: RHB Jean Lemaire 0-0: Ball
1-0: Foul Ball, location: 2F
1-1: Fly out, F8 (Flyball, 8RM)
Batting: LHB Sean Booth 0-0: Foul Ball, location: 2F
0-1: Swinging Strike
0-2: Strikes out looking
Batting: RHB Marcos Calderón 0-0: Swinging Strike
0-1: Swinging Strike
0-2: Ball
1-2: Foul Ball, location: 2F
1-2: Strikes out swinging
Top of the 5th over - 0 run(s), 0 hit(s), 0 error(s), 0 left on base; Milton 1 - Royse City 3
BOTTOM OF THE 5TH
Royse City Targaryens batting - Pitching for Milton Dogfish Head : RHP Robinson Suárez
Batting: RHB José Cruz 0-0: Foul Ball, location: 2F
0-1: Called Strike
0-2: Strikes out swinging
Batting: LHB Cisco Padilla 0-0: Ball
1-0: Ball
2-0: Ball
3-0: Base on Balls
Batting: LHB José Tamayo 0-0: Foul Ball, location: 2F
0-1: Ground out 4-3 (Groundball, 34)
Cisco Padilla to second
Batting: RHB Javier Rivera 0-0: Called Strike
0-1: Ball
1-1: Ball
2-1: Ball
3-1: Called Strike
3-2: Strikes out swinging
Bottom of the 5th over - 0 run(s), 0 hit(s), 0 error(s), 1 left on base; Milton 1 - Royse City 3
TOP OF THE 6TH
Milton Dogfish Head batting - Pitching for Royse City Targaryens : RHP Edgar Lankford
Batting: SHB Theodore Buck 0-0: DOUBLE (Line Drive, 9)
Batting: RHB David Sánchez 0-0: Ball
1-0: Ball
2-0: Ball
3-0: Called Strike
3-1: DOUBLE (Line Drive, 7D)
Theodore Buck scores
Batting: LHB Víctor Robledo 0-0: Ball
1-0: Foul Ball, location: 2F
1-1: SINGLE (Line Drive, 8RS)
David Sánchez to third
Runner from 3rd tries for Home, SAFE, throw made home
Víctor Robledo to second
Batting: LHB Floyd Long 0-0: Intentional Walk
Batting: RHB Roy Childress 0-0: Ball
1-0: Foul Ball, location: 2F
1-1: Swinging Strike
1-2: Foul Ball, location: 2F
1-2: SINGLE (Groundball, 56) (infield hit)
Víctor Robledo to third
Floyd Long to second
Batting: RHB Jeff Bass 0-0: Called Strike
0-1: Ball
1-1: Ball
2-1: Ball
3-1: Foul Ball, location: 2F
3-2: Foul Ball, location: 2F
3-2: Foul Ball, location: 2F
3-2: Fly out, F8 (Line Drive, 8RM)
Runner from 3rd tags up, SCORES, throw made
Pitching: RHP Frank Castle
Batting: RHB Jean Lemaire 0-0: Ball
1-0: Ball
2-0: Called Strike
2-1: SINGLE (Line Drive, 8LS)
Floyd Long to third
Roy Childress to second
Batting: LHB Sean Booth 0-0: Called Strike
0-1: Ball
1-1: Foul Ball, location: 2F
1-2: Ball
2-2: Ball
3-2: Foul Ball, location: 2F
3-2: Foul Ball, location: 2F
3-2: Base on Balls
Floyd Long scores
Roy Childress to third
Jean Lemaire to second
Batting: RHB Marcos Calderón 0-0: Called Strike
0-1: Ball
1-1: Foul Ball, location: 2F
1-2: Strikes out looking
Batting: SHB Theodore Buck 0-0: Foul Ball, location: 2F
0-1: Ball
1-1: Swinging Strike
1-2: Ground out 3-1 (Groundball, 34)
Top of the 6th over - 4 run(s), 5 hit(s), 0 error(s), 3 left on base; Milton 5 - Royse City 3
BOTTOM OF THE 6TH
Royse City Targaryens batting - Pitching for Milton Dogfish Head : RHP Robinson Suárez
Pitching: RHP Luis De La Hoya
Batting: RHB Tomás Martínez 0-0: Ball
1-0: Ball
2-0: Ball
3-0: Called Strike
3-1: Swinging Strike
3-2: Foul Ball, location: 2F
3-2: Foul Ball, location: 2F
3-2: Foul Ball, location: 2F
3-2: Strikes out looking
Batting: RHB Fernando Rivera 0-0: Ground out 6-3 (Groundball, 6)
Batting: RHB Tony Martínez 0-0: Ball
1-0: Called Strike
1-1: Foul Ball, location: 2F
1-2: Foul Ball, location: 2F
1-2: Ball
2-2: Strikes out looking
Bottom of the 6th over - 0 run(s), 0 hit(s), 0 error(s), 0 left on base; Milton 5 - Royse City 3
TOP OF THE 7TH
Milton Dogfish Head batting - Pitching for Royse City Targaryens : RHP Frank Castle
Batting: RHB David Sánchez 0-0: Ball
1-0: Foul Ball, location: 2F
1-1: Swinging Strike
1-2: Reached on error, E7 (Flyball, 7)
Batting: LHB Víctor Robledo 0-0: Bunted foul
0-1: Ball
1-1: Bunted foul
1-2: Ground out U3 (Groundball, 34)
David Sánchez to second
Batting: LHB Floyd Long 0-0: Intentional Walk
Pinch Hitting: LHB Ye Der 0-0: Called Strike
0-1: Ball
1-1: Ball
2-1: Swinging Strike
2-2: Foul Ball, location: 2F
2-2: Ball
3-2: Foul Ball, location: 2F
3-2: Fly out, F9 (Line Drive, 9)
Batting: RHB Jeff Bass 0-0: Ball
1-0: Ball
2-0: Called Strike
2-1: Foul Ball, location: 2F
2-2: Ball
3-2: SINGLE (Groundball, 6MD)
David Sánchez to third
Floyd Long to second
David Sánchez scores
Floyd Long to third
Pitching: RHP Juan Cruz
Batting: RHB Jean Lemaire 0-0: Ball
Wild Pitch!
Floyd Long scores
Jeff Bass to second
1-0: Ball
2-0: Called Strike
2-1: Swinging Strike
2-2: Foul Ball, location: 2F
2-2: Ball
3-2: Foul Ball, location: 2F
3-2: Fly out, F7 (Flyball, 7)
Top of the 7th over - 2 run(s), 1 hit(s), 1 error(s), 1 left on base; Milton 7 - Royse City 3
BOTTOM OF THE 7TH
Royse City Targaryens batting - Pitching for Milton Dogfish Head : RHP Luis De La Hoya
Now in CF: Ye Der
Batting: LHB Jorge Garza 0-0: Ball
1-0: Foul Ball, location: 2F
1-1: Foul Ball, location: 2F
1-2: Ball
2-2: Strikes out swinging
Batting: LHB Jon Baxter 0-0: Foul Ball, location: 2F
0-1: Foul Ball, location: 2F
0-2: Ball
1-2: Ball
2-2: Foul Ball, location: 2F
2-2: Ball
3-2: Base on Balls
Batting: RHB José Cruz 0-0: Ball
1-0: Called Strike
Throwing error on steal attempt, E2
Jon Baxter to third
1-1: Called Strike
1-2: Ball
2-2: Foul Ball, location: 2F
2-2: Foul Ball, location: 2F
2-2: Ball
3-2: Fly out, F7 (Flyball, 7LM)
Runner from 3rd tags up, SCORES, no throw
Batting: LHB Cisco Padilla 0-0: Ball
1-0: Foul Ball, location: 2F
1-1: Called Strike
1-2: TRIPLE (Flyball, 78XD)
Batting: LHB José Tamayo 0-0: Ball
1-0: Foul Ball, location: 2F
1-1: Ball
2-1: Swinging Strike
2-2: Ball
3-2: Ground out U3 (Groundball, 34)
Bottom of the 7th over - 1 run(s), 1 hit(s), 1 error(s), 1 left on base; Milton 7 - Royse City 4
TOP OF THE 8TH
Milton Dogfish Head batting - Pitching for Royse City Targaryens : RHP Juan Cruz
Batting: LHB Sean Booth 0-0: Called Strike
0-1: Swinging Strike
0-2: Foul Ball, location: 2F
0-2: Strikes out swinging
Batting: RHB Marcos Calderón 0-0: Swinging Strike
0-1: Foul Ball, location: 2F
0-2: Ball
1-2: Strikes out swinging
Batting: SHB Theodore Buck 0-0: Ground out 5-3 (Groundball, 56)
Top of the 8th over - 0 run(s), 0 hit(s), 0 error(s), 0 left on base; Milton 7 - Royse City 4
BOTTOM OF THE 8TH
Royse City Targaryens batting - Pitching for Milton Dogfish Head : RHP Luis De La Hoya
Batting: RHB Javier Rivera 0-0: Foul Ball, location: 2F
0-1: SINGLE (Groundball, 6MD)
Pitching: RHP Jim Unknown
Batting: RHB Tomás Martínez 0-0: Fly out, F8 (Flyball, 8LM)
Batting: RHB Fernando Rivera 0-0: Fly out, F3 (Line Drive, 3)
Batting: RHB Tony Martínez 0-0: Ball
Passed Ball!
Javier Rivera to second
1-0: Foul Ball, location: 2F
1-1: Ground out 4-3 (Groundball, 4)
Bottom of the 8th over - 0 run(s), 1 hit(s), 0 error(s), 1 left on base; Milton 7 - Royse City 4
TOP OF THE 9TH
Milton Dogfish Head batting - Pitching for Royse City Targaryens : RHP Juan Cruz
Batting: RHB David Sánchez 0-0: Called Strike
0-1: Ground out 6-3 (Groundball, 6)
Batting: LHB Víctor Robledo 0-0: Foul Ball, location: 2F
0-1: Ball
1-1: Foul Ball, location: 2F
1-2: Ball
2-2: Foul Ball, location: 2F
2-2: SOLO HOME RUN (Line Drive, 89XD), Distance : 392 ft
Batting: LHB Floyd Long 0-0: Called Strike
0-1: SOLO HOME RUN (Line Drive, 9D), Distance : 344 ft
Pitching: RHP Mark Sinclair
Batting: LHB Ye Der 0-0: Called Strike
0-1: Foul Ball, location: 2F
0-2: Ball
1-2: Foul Ball, location: 2F
1-2: Ball
2-2: Fly out, F4 (Line Drive, 4MD)
Batting: RHB Jeff Bass 0-0: Called Strike
0-1: Called Strike
0-2: Strikes out swinging
Top of the 9th over - 2 run(s), 2 hit(s), 0 error(s), 0 left on base; Milton 9 - Royse City 4
BOTTOM OF THE 9TH
Royse City Targaryens batting - Pitching for Milton Dogfish Head : RHP Jim Unknown
Batting: LHB Jorge Garza 0-0: Foul Ball, location: 2F
0-1: Ball
1-1: Fly out, F9 (Flyball, 9)
Batting: LHB Jon Baxter 0-0: Called Strike
0-1: Ball
1-1: Foul Ball, location: 2F
1-2: Strikes out swinging
Batting: RHB José Cruz 0-0: Called Strike
0-1: Ball
1-1: Foul Ball, location: 2F
1-2: Ball
2-2: Strikes out swinging
Bottom of the 9th over - 0 run(s), 0 hit(s), 0 error(s), 0 left on base; Milton 9 - Royse City 4
Friday, December 30th, 2016 - OOTP Baseball 17.12 Build 75